 Dungeon Crawl Stone Soup version 0.27.1-3-gb3d3a73c9e (webtiles) character file.

Game seed: 14409142724481685049

233 Descartes the Conjurer (level 5, -4/28 HPs)
             Began as a Deep Elf Wanderer on Oct 8, 2021.
             Killed by divine providence
             ... invoked by an orc priest
              (13 damage)
             ... on level 3 of the Dungeon.
             The game lasted 00:06:41 (3091 turns).

Descartes the Conjurer (Deep Elf Wanderer)          Turns: 3091, Time: 00:06:42

Health: -4/28      AC:  2    Str:  8    XL:     5   Next: 75%
Magic:  8/11       EV: 11    Int: 17    God:
Gold:   99         SH:  0    Dex: 16    Spells: 6/10 levels left

rFire    . . .     SeeInvis .   a - +0 dagger
rCold    . . .     Faith    .   (no shield)
rNeg     . . .     Spirit   .   b - +0 robe
rPois    .         Reflect  .   (no helmet)
rElec    .         Harm     .   (no cloak)
rCorr    .         Rampage  .   (no gloves)
Will     .....                  (no boots)
Stlth    ++........             (no amulet)
HPRegen  0.09/turn              (no ring)
MPRegen  0.12/turn              (no ring)

@: very slightly contaminated
A: no striking features
a: no special abilities


You were on level 3 of the Dungeon.
You visited 1 branch of the dungeon, and saw 3 of its levels.

You collected 99 gold pieces.

Inventory:

Hand Weapons
 a - a +0 dagger (weapon)
Missiles
 d - 13 arrows
 e - 25 stones (quivered)
 n - 3 poisoned darts
Armour
 b - a +0 robe (worn)
Wands
 l - a wand of digging (1)
Scrolls
 f - 3 scrolls of identify {unknown}
 g - 2 scrolls of magic mapping {unknown}
 h - a scroll of enchant armour {unknown}
 i - a scroll of silence {unknown}
 k - 3 scrolls of fear {unknown}
Potions
 c - 2 potions of curing
 j - a potion of might {unknown}
 m - a potion of attraction {unknown}


   Skills:
 - Level 2.6 Bows
 - Level 1.0 Armour
 - Level 1.2 Stealth
 - Level 3.0 Spellcasting
 + Level 5.0 Conjurations
 - Level 2.1 Summonings
 + Level 2.4 Fire Magic
 + Level 2.3 Earth Magic
 - Level 1.1 Evocations


You had 6 spell levels left.
You knew the following spells:

 Your Spells              Type           Power      Damage    Failure   Level
a - Magic Dart            Conj           76%        1d6       2%          1
b - Summon Small Mammal   Summ           40%        N/A       7%          1
c - Blink                 Tloc           N/A        N/A       26%         2

Your spell library contained the following spells:

 Spells                   Type           Power      Damage    Failure   Level
 Call Imp                 Summ           10%        N/A       11%         2
 Conjure Flame            Conj/Fire      15%        6-21      11%         3
 Slow                     Hex            2%         N/A       26%         2
 Mephitic Cloud           Conj/Pois/Air  8%         N/A       26%         3
 Summon Guardian Golem    Hex/Summ       6%         N/A       32%         3
 Fulminant Prism          Conj/Hex       5%         3d7       52%         4
 Iskenderun's Mystic Bla  Conj/Tloc      11%        2d4       52%         4
 Leda's Liquefaction      Hex/Erth       3%         N/A       71%         4
 Bolt of Magma            Conj/Fire/Erth 6%         4d6       77%         5
 Lee's Rapid Deconstruct  Erth           5%         3d7*      88%         5
 Statue Form              Tmut/Erth      4%         N/A       100%        6


Dungeon Overview and Level Annotations

Branches:
Dungeon (3/15)

Altars:
Trog


Message History

An orc comes into view. It is wielding a +0 club.
An orc priest comes into view. It is wielding a +0 flail.
The orc shouts!
Casting: Summon Small Mammal (safe; 7% risk of failure)
Confirm with . or Enter, or press ? or * to list all spells.
Casting: Summon Small Mammal (safe; 7% risk of failure)
Confirm with . or Enter, or press ? or * to list all spells.
Your rat closely misses the orc priest.
Your bat hits the orc priest but does no damage.
The orc priest hits your bat with a +0 flail!
Your bat dies!
Your bat's corpse disappears in a puff of smoke!
Your rat barely misses the orc priest.
The orc priest shouts!
Casting: Summon Small Mammal (safe; 7% risk of failure)
Confirm with . or Enter, or press ? or * to list all spells.
The orc priest calls down the wrath of Beogh upon you.
Beogh smites you!
Your rat closely misses the orc.
You swap places.
The orc priest looks encouraged for a moment.
Your rat bites the orc priest but does no damage.
The orc hits your rat with a +0 club.
Your rat dies!
Your rat's corpse disappears in a puff of smoke!
The orc priest mumbles some strange prayers to Beogh against you.
Your rat writhes in agony.
Your rat dies!
Your rat's corpse disappears in a puff of smoke!
The orc priest invokes the aid of Beogh against you.
Beogh smites you!
* * * LOW HITPOINT WARNING * * *
Casting: Summon Small Mammal (safe; 7% risk of failure)
Confirm with . or Enter, or press ? or * to list all spells.
You miscast Summon Small Mammal.
You are very lightly contaminated with residual magic.
Nothing appears to happen.
You see here a +1 long sword of holy wrath.
The orc priest mumbles some strange prayers to Beogh against you.
Beogh smites you!
You die...

#......≈≈.##≈####.#
#.###..##.##≈#
#.######## ###.# ##
#.#### #......... ....#
#.# ##.######. ###.# #.#
#.# ##..# #.# #.#
..#.#######.########.##
8.⌠#..................##
..###......<....@)..o..#
.#_#÷#.#..##.########oo#
#∩#...##.....# #..#
##..8.###.#### #..#
#⌠.8..###.# #..#
.#...#.##.# #oo#
..###..##.# #.o#
.##.##.##.# #o.#
^.........# #.§#


You could see an orc priest and 2 orcs.

Vanquished Creatures
  Natasha (twice) (D:2)
  A worm (D:2)
  2 dart slugs (D:1)
  3 ball pythons
  3 bats
  3 endoplasms (D:1)
  A giant cockroach (D:2)
  4 goblins
  3 hobgoblins
  2 quokkas
  4 frilled lizards
  5 kobolds
  6 rats
39 creatures vanquished.

Vanquished Creatures (collateral kills)
  Sigmund (D:3)
  Natasha (D:2)
  An endoplasm (D:1)
  2 ball pythons (D:1)
  A frilled lizard (D:1)
  A goblin (D:1)
  A kobold (D:1)
  A rat (D:1)
9 creatures vanquished.

Grand Total: 48 creatures vanquished

Notes
Turn   | Place    | Note
-------+----------+-------------------------------------------
     0 | D:1      | Descartes the Deep Elf Wanderer began the quest for the
                  | Orb.
     0 | D:1      | Descartes set off with the following items: a +0 dagger, a
                  | +0 robe, a potion of curing; and the following spells
                  | available to memorise: Summon Small Mammal, Call Imp, Magic
                  | Dart, Blink, Slow, Summon Guardian Golem, Conjure Flame,
                  | Mephitic Cloud
     0 | D:1      | Reached XP level 1. HP: 10/10 MP: 6/6
     2 | D:1      | Learned a level 1 spell: Magic Dart
     4 | D:1      | Learned a level 1 spell: Summon Small Mammal
   222 | D:1      | Reached skill level 2 in Conjurations
   256 | D:1      | Reached XP level 2. HP: 15/15 MP: 6/8
   323 | D:1      | Learned a level 2 spell: Blink
   794 | D:1      | Reached skill level 3 in Conjurations
  1146 | D:2      | Found a bloodstained altar of Trog.
  1275 | D:2      | Reached XP level 3. HP: 12/19 MP: 1/9
  2041 | D:2      | Noticed Natasha
  2048 | D:2      | Killed Natasha
  2049 | D:2      | Reached skill level 4 in Conjurations
  2213 | D:2      | Noticed Natasha
  2222 | D:2      | Killed Natasha
  2223 | D:2      | Reached XP level 4. HP: 6/24 MP: 2/10
  2473 | D:2      | Noticed Natasha
  2477 | D:2      | Killed Natasha
  2478 | D:2      | Reached skill level 1 in Fire Magic
  2478 | D:2      | Reached skill level 1 in Earth Magic
  2781 | D:3      | Found a faded altar of an unknown god.
  2874 | D:3      | Noticed Sigmund
  2916 | D:3      | Killed Sigmund
  2917 | D:3      | Reached skill level 5 in Conjurations
  2917 | D:3      | Reached XP level 5. HP: 28/28 MP: 2/11
  3091 | D:3      | Killed from afar by an orc priest

Illustrated notes

Levels and vault maps discovered:
D:1:      nzn_arrival_settlement, layout_basic
D:2:      layout_basic, basic_altar, minmay_misc_feat_roman, uniq_natasha
D:3:      layout_loops_ring, tso_metal_star, shapermc_ecumenical_altar_venn,
          chequers_serial_rivers_small_b, uniq_ijyb, uniq_sigmund

Skill      XL: |  1  2  3  4 |
---------------+-------------+-----
Conjurations   | 2 3 4 5 |  5.0
Fire Magic     | 2 |  2.4
Earth Magic    | 2 |  2.3
Bows           | |  2.6
Armour         | |  1.0
Stealth        | |  1.2
Spellcasting   | |  3.0
Summonings     | |  2.1
Evocations     | |  1.1

Action                   |  1- 3 |  4- 6 || total
-------------------------+-------+-------++-------
Melee: Dagger            |     7 |       ||     7
 Cast: Summon Small Mamm |    22 |    11 ||    33
       Magic Dart        |    92 |    29 ||   121
Armor: Robe              |     2 |       ||     2
Dodge: Dodged            |     9 |       ||     9
